 Dungeon Crawl Stone Soup version 0.23.0-3-gf3c87f2 (webtiles) character file.

Game seed: 10677657371990461347

207 misha the Ducker (level 5, 0/40 HPs)
             Began as a Merfolk Gladiator on Feb 22, 2019.
             Slain by a worker ant (1 damage)
             ... on level 4 of the Dungeon.
             The game lasted 00:13:11 (3434 turns).

misha the Ducker (Merfolk Gladiator)                Turns: 3434, Time: 00:13:12

Health: 0/40       AC:  4    Str: 16    XL:     5   Next: 85%
Magic:  5/5        EV: 15    Int:  7    God:
Gold:   121        SH:  0    Dex: 15    Spells: 4/4 levels left

rFire    . . .     SeeInvis .   a - +2 hand axe (chop)
rCold    . . .     Gourm    .   (no shield)
rNeg     . . .     Faith    .   p - +0 robe
rPois    .         Spirit   .   c - +0 helmet
rElec    .         Reflect  .   (no cloak)
rCorr    .         Harm     .   (no gloves)
MR       .....                  C - +0 pair of boots
Stlth    +.........             (no amulet)
HPRegen  0.13/turn              (no ring)
MPRegen  0.09/turn              (no ring)

@: lethally poisoned (0 -> -10)
A: change form in water, swift swim, stealthy swim
a: no special abilities


You were on level 4 of the Dungeon.
You were not hungry.

You visited 1 branch of the dungeon, and saw 4 of its levels.

You collected 121 gold pieces.

Inventory:

Hand Weapons
 a - a +2 hand axe of chopping (weapon)
 b - a +1 dagger of freezing
 w - a +0 long sword
 z - a +1 flail of crushing
Missiles
 d - 2 throwing nets (quivered)
 h - 108 stones
 i - 20 poisoned needles
 k - 7 bolts
 m - 75 arrows
 B - 5 tomahawks
Armour
 c - a +0 helmet (worn)
 g - a +0 leather armour
 p - a +0 robe (worn)
 C - a +0 pair of boots (worn)
Jewellery
 A - an uncursed ring of protection from magic {unknown}
Wands
 l - a wand of acid (7)
 r - a wand of flame (24)
Scrolls
 e - 2 scrolls of remove curse
 n - a scroll of fog
 o - a scroll of fear {unknown}
 u - 3 scrolls of identify {unknown}
 v - a scroll of enchant weapon {unknown}
 y - a scroll of immolation {unknown}
Potions
 j - a potion of agility {unknown}
 q - 2 potions of flight {unknown}
 s - 2 potions of cancellation {unknown}
 t - a potion of brilliance {unknown}
 x - a potion of heal wounds {unknown}
Comestibles
 f - 6 rations


   Skills:
 - Level 2.8 Fighting
 - Level 1.1(3.2) Short Blades
 + Level 4.4 Long Blades
 + Level 1.8 Maces & Flails
 - Level 2.5 Throwing
 - Level 0.9 Armour
 - Level 5.2 Dodging
 - Level 0.3 Stealth


You had 4 spell levels left.
You didn't know any spells.
Your spell library contained the following spells:

 Spells                   Type           Power        Failure   Level  Hunger
 Confusing Touch          Hex            #.....       43%         1    ##.....
 Confuse                  Hex            #.......     80%         3    ####...
 Gell's Gravitas          Tloc           #.........   80%         3    ####...
 Petrify                  Tmut/Erth      #.......     99%         4    #####..
 Metabolic Englaciation   Hex/Ice        #.........   100%        5    ######.
 Yara's Violent Unravell  Hex/Tmut       #.........   100%        5    ######.


Dungeon Overview and Level Annotations

Branches:
Dungeon (4/15)
 Temple: D:4-7

Altars:
Fedhas

Annotations:
D:4 3 runed translucent doors, Dowan; Duvessa; skk's ghost, amateur SpFi


Message History

You feel sick. The worker ant barely misses you.
The worker ant closely misses you.
You hit the worker ant.
The worker ant is heavily wounded.
The worker ant misses you.
You barely miss the worker ant.
The worker ant is heavily wounded.
You feel sick. The worker ant closely misses you.
The worker ant completely misses you.
You hit the worker ant.
The worker ant is almost dead.
You feel sick. The worker ant bites you.
* * * LOW HITPOINT WARNING * * *
You are more poisoned.
The worker ant poisons you!
You closely miss the worker ant.
The worker ant is almost dead.
* * * LOW HITPOINT WARNING * * *
You feel sick. The worker ant barely misses you. The worker ant bites you.
You die... ⌠.#.#.⌠# #.# PK#K#WP#

#.# #KKKKK##########?#####
##+++##.......##.....###..
..)..............##.......
............[.##(.........
###.#...#.######.#######..
#.#...#.# #a# #.#...#.# #@#
#.#...#.# #.# #.......# #.#####
##### ###...### #.#...# .....#
####<#### #.#.#.###..≈≈.≈
#.......######.........#§#
..........##.....>.......§≈#
#....###........#..#..####§###§
##... ##.##.##.#..#......≈≈≈≈§


You could see a worker ant.

Vanquished Creatures
  An ogre (D:4)
  Natasha (D:4)
  5 adders
  2 oozes
  A dart slug (D:1)
  3 leopard geckos (D:1)
  2 orcs (D:3)
  5 bats
  A giant cockroach (D:3)
  4 goblins (D:1)
  7 hobgoblins
  7 kobolds
  A frilled lizard (D:3)
  4 rats
44 creatures vanquished.

Vanquished Creatures (others)
  A plant (D:4)
1 creature vanquished.

Grand Total: 45 creatures vanquished

Notes
Turn   | Place    | Note
-------+----------+-------------------------------------------
     0 | D:1      | misha the Merfolk Gladiator began the quest for the Orb.
     0 | D:1      | Reached XP level 1. HP: 16/16 MP: 1/1
   122 | D:1      | Reached XP level 2. HP: 15/23 MP: 2/2
   664 | D:1      | Reached XP level 3. HP: 28/28 MP: 3/3
  1454 | D:2      | Reached skill level 5 in Dodging
  1454 | D:2      | Reached XP level 4. HP: 30/34 MP: 4/4
  2270 | D:3      | Reached skill level 1 in Short Blades
  2433 | D:3      | Found a blossoming altar of Fedhas.
  2937 | D:4      | Found a runed translucent gate.
  2937 | D:4      | Found a runed translucent gate.
  2937 | D:4      | Found a runed translucent gate.
  2968 | D:4      | Noticed Dowan
  2968 | D:4      | Noticed Duvessa
  2968 | D:4      | Noticed an ogre
  3134 | D:4      | Killed an ogre
  3134 | D:4      | Reached skill level 1 in Maces & Flails
  3134 | D:4      | Reached XP level 5. HP: 35/40 MP: 5/5
  3241 | D:4      | Noticed Natasha
  3253 | D:4      | Killed Natasha
  3392 | D:4      | Noticed a big kobold
  3392 | D:4      | Identified the +10 whip "Bajudoyr" {venom, Str+4 Stlth-}
  3392 | D:4      | Noticed a big kobold
  3394 | D:4      | Noticed skk's ghost (amateur SpFi)
  3433 | D:4      | HP: 2/40 [worker ant (3)]
  3434 | D:4      | Slain by a worker ant

Skill      XL: |  1  2  3  4 |
---------------+-------------+-----
Dodging        | 5 |  5.2
Short Blades   | 1 |  1.1
Long Blades    | 4 |  4.4
Maces & Flails | 1 |  1.8
Fighting       | |  2.8
Throwing       | |  2.5
Armour         | |  0.9
Stealth        | |  0.3

Action                   |  1- 3 |  4- 6 || total
-------------------------+-------+-------++-------
Melee: Dagger            |    86 |    32 ||   118
       Long sword        |     1 |       ||     1
       Hand axe          |       |    54 ||    54
Throw: Throwing net      |       |     2 ||     2
  Use: Scroll            |     1 |     3 ||     4
  Eat: Chunk             |     1 |     6 ||     7
       Ration            |       |     1 ||     1
Armor: Leather armour    |    25 |       ||    25
       Robe              |       |    14 ||    14
Dodge: Dodged            |    76 |    61 ||   137
